 Dungeon Crawl Stone Soup version 0.26.1-11-gd32895ea62 (webtiles) character file.

Game seed: 6505389004473582349

637 vvl the Chopper (level 7, -3/53 HPs)
             Began as a Demonspawn Fighter on July 6, 2021.
             Was an Initiate of Kikubaaqudgha.
             Killed from afar by Blork the orc (6 damage)
             ... with a magic dart
             ... on level 5 of the Dungeon.
             The game lasted 00:12:25 (6113 turns).

vvl the Chopper (Demonspawn Fighter)                Turns: 6113, Time: 00:12:29

Health: -3/53      AC:  6    Str: 16    XL:     7   Next: 25%
Magic:  0/9        EV:  9    Int: 12    God:    Kikubaaqudgha [......]
Gold:   166        SH:  4    Dex: 12    Spells: 6/6 levels left

rFire    . . .     SeeInvis .   a - +0 war axe
rCold    . . .     Faith    .   m - +0 buckler
rNeg     . . .     Spirit   +   b - +0 scale mail
rPois    .         Reflect  .   (no helmet)
rElec    .         Harm     .   (no cloak)
rCorr    .         Rampage  .   (no gloves)
Will     .....                  (no boots)
Stlth    ..........             (no amulet)
HPRegen  0.17/turn              (no ring)
MPRegen  0.11/turn              (no ring)

@: mighty
A: claws 2, magic shield
a: Renounce Religion


You were on level 5 of the Dungeon.
You worshipped Kikubaaqudgha.
Kikubaaqudgha was noncommittal.
You visited 2 branches of the dungeon, and saw 6 of its levels.

You collected 166 gold pieces.

Inventory:

Hand Weapons
 a - a +0 war axe (weapon)
 l - a +2 dagger of venom
Armour
 b - a +0 scale mail (worn)
 c - a +0 kite shield
 m - a +0 buckler (worn)
Wands
 j - a wand of random effects (17)
Scrolls
 e - 3 scrolls of enchant armour
 f - a scroll of enchant weapon {unknown}
 g - a scroll of fog
 h - a scroll of amnesia {unknown}
 o - a scroll of remove curse
Potions
 k - a potion of lignification {unknown}
 n - a potion of ambrosia {unknown}
 p - 4 potions of flight {unknown}


   Skills:
 + Level 3.9 Fighting
 * Level 4.2 Axes
 + Level 3.6 Armour
 + Level 3.7 Shields
 + Level 2.5 Necromancy
 + Level 3.1 Invocations
 + Level 2.4 Evocations


You had 6 spell levels left.
You didn't know any spells.
Your spell library contained the following spells:

 Spells                   Type           Power        Failure   Level
 Freeze                   Ice            0%           75%         1
 Frozen Ramparts          Ice            0%           98%         3
 Ozocubu's Armour         Ice            0%           98%         3
 Hailstorm                Conj/Ice       0%           100%        4
 Summon Ice Beast         Ice/Summ       0%           100%        4


Dungeon Overview and Level Annotations

Branches:
Dungeon (5/15)             Temple (1/1) D:4

Altars:
Ashenzari
Cheibriados
Dithmenos
Elyvilon
Fedhas
Gozag
Hepliaklqana
Kikubaaqudgha
Makhleb
Nemelex Xobeh
Okawaru
Qazlal
Ru
Sif Muna
Trog
Uskayaw
Vehumet
Wu Jian
Xom
Yredelemnul
Zin
The Shining One

Shops:
D:4 :

Annotations:
D:5 Blork the orc


Innate Abilities, Weirdness & Mutations

You have very sharp fingernails.
When hurt, damage is shared between your health and your magic reserves.


Message History

Blork the orc is heavily wounded.
Blork the orc screams, "I'll eat your brain!
And then I'll vomit it back up!"
Blork the orc looks satisfied for a moment.
Blork the orc points at you and mumbles some strange words.
The puff of flame misses you.
You slash Blork the orc!
Blork the orc is almost dead.
Blork the orc hits you with a +0 long sword.
* * * LOW HITPOINT WARNING * * *
Blork the orc hits you with a +0 long sword.
* * * LOW HITPOINT WARNING * * *
You barely miss Blork the orc.
Blork the orc is almost dead.
Blork the orc gestures at you while chanting.
The puff of frost hits you!
* * * LOW HITPOINT WARNING * * *
Blork the orc gestures at you while chanting.
The magic dart hits you.
You die...
Kikubaaqudgha rasps: "You have failed me!
Welcome... death!"

≈≈≈≈≈P≈≈≈≈≈≈≈≈≈≈≈o≈≈≈≈≈≈≈≈≈≈.
≈≈≈≈≈≈≈≈≈≈≈≈≈≈≈≈≈≈≈≈≈≈≈≈≈≈≈...
≈≈≈≈≈≈≈≈≈≈≈≈(.≈≈..≈≈.≈......[.
####≈≈.≈..P.≈......≈≈≈†......
................o...#.....
.######.##.##.##......?
........##.##.# ##.$...
###.##....# #### #@####..#
#o####..# #...o...# ####.....#
#.###.# #.# .# #.# .# #.. ..
### #


You could see Blork the orc (fast).

Vanquished Creatures
  A phantom (D:4)
  A scorpion (D:5)
  2 howler monkeys
  A hound (D:5)
  An orc priest (D:5)
  Jessica (D:2)
  3 orc wizards
  A hound zombie (D:5)
  5 adders
  7 gnolls
  A howler monkey skeleton (D:4)
  3 adder skeletons
  2 worms
  A dart slug (D:1)
  2 leopard geckos (D:4)
  7 orcs
  6 giant cockroaches
  11 goblins
  9 hobgoblins
  4 jackals
  2 quokkas
  4 ball pythons
  13 bats
  5 frilled lizards
  A jackal skeleton (D:4)
  7 kobolds
  A quokka skeleton (D:4)
  9 rats
111 creatures vanquished.

Vanquished Creatures (others)
  16 plants
16 creatures vanquished.

Grand Total: 127 creatures vanquished

Notes
Turn   | Place    | Note
-------+----------+-------------------------------------------
     0 | D:1      | vvl the Demonspawn Fighter began the quest for the Orb.
     0 | D:1      | Reached XP level 1. HP: 18/18 MP: 1/1
   512 | D:1      | Reached skill level 2 in Axes
   530 | D:1      | Gained mutation: You have sharp fingernails. [demonic
                  | ancestry]
   530 | D:1      | Reached XP level 2. HP: 23/24 MP: 2/2
   790 | D:1      | Reached skill level 1 in Invocations
  1089 | D:1      | Gained mutation: When hurt, damage is shared between your
                  | health and your magic reserves. [demonic ancestry]
  1089 | D:1      | Reached XP level 3. HP: 29/29 MP: 3/3
  1261 | D:2      | Noticed Jessica
  1276 | D:2      | Killed Jessica
  1277 | D:2      | Reached skill level 1 in Necromancy
  1277 | D:2      | Reached skill level 1 in Evocations
  1338 | D:2      | Reached XP level 4. HP: 35/35 MP: 4/4
  2011 | D:2      | Found an iron altar of Okawaru.
  2829 | D:3      | Reached skill level 3 in Axes
  2849 | D:3      | Reached XP level 5. HP: 13/41 MP: 1/6
  3619 | D:4      | Noticed a phantom
  3646 | D:4      | Killed a phantom
  3647 | D:4      | Gained mutation: You have very sharp fingernails. [demonic
                  | ancestry]
  3647 | D:4      | Reached XP level 6. HP: 4/47 MP: 1/7
  4202 | D:4      | Found a staircase to the Ecumenical Temple.
  4213 | D:4      | Found Holoorer's Book Emporium.
  4247 | Temple   | Entered the Ecumenical Temple
  4465 | Temple   | Became a worshipper of Kikubaaqudgha
  4508 | D:4      | Found a hide-covered altar of Uskayaw.
  4512 | D:4      | Noticed a +0 hand axe
  4512 | D:4      | Noticed a +0 hand axe
  5107 | D:5      | Entered Level 5 of the Dungeon
  5424 | D:5      | Noticed Blork the orc
  5746 | D:5      | Reached skill level 4 in Axes
  5746 | D:5      | Reached XP level 7. HP: 24/53 MP: 5/9
  6113 | D:5      | Killed from afar by Blork the orc

Illustrated notes

Levels and vault maps discovered:
D:1:      amcnicky_arrival_flooded_fountain, layout_basic, serial_bayou_pond_d,
          minmay_misc_feat_more_columns
D:2:      layout_rooms, grunt_ministairs_8, okawaru_metal_pillars_1_2,
          uniq_jessica
D:3:      layout_rooms
D:4:      layout_loops_ring, dancing_weapons_uskayaw,
          minmay_temple_entry_overgrown, serial_shops, shop
D:5:      layout_loops_cross, chequers_big_river, uniq_blork_the_orc
Temple:   kilobyte_greek_temple

Skill      XL: |  1  2  3  4  5  6  7 |
---------------+----------------------+-----
Axes           | 2 3 4 |  4.2
Invocations    | 1 2 3 |  3.1
Armour         | 3 |  3.6
Necromancy     | 1 2 |  2.5
Evocations     | 1 2 |  2.4
Shields        | 3 |  3.7
Fighting       | |  3.9

Action                   |  1- 3 |  4- 6 |  7- 9 || total
-------------------------+-------+-------+-------++-------
Melee: War axe           |   121 |   163 |    45 ||   329
       Dagger            |       |   105 |       ||   105
  Use: Scroll            |       |     6 |       ||     6
       Potion            |       |     3 |     2 ||     5
Armor: Scale mail        |    84 |   130 |    21 ||   235
Dodge: Dodged            |    35 |   121 |    21 ||   177
Block: Kite shield       |    67 |    24 |       ||    91
       Buckler           |       |    60 |    10 ||    70
